 Dungeon Crawl Stone Soup version 0.26.0-45-g9c1d065592 (webtiles) character file.

Game seed: 6321464282963359595

76 Gnirx the Digger (level 4, -1/24 HPs)
             Began as a Gargoyle Earth Elementalist on Jan 29, 2021.
             Slain by a gnoll
             ... wielding a +0 spear
              (2 damage)
             ... on level 2 of the Dungeon.
             The game lasted 00:03:17 (1508 turns).

Gnirx the Digger (Gargoyle Earth Elementalist)      Turns: 1508, Time: 00:03:18

Health: -1/24      AC:  6    Str: 11    XL:     4   Next: 32%
Magic:  2/8        EV: 12    Int: 17    God:
Gold:   99         SH:  0    Dex: 10    Spells: 8/9 levels left

rFire    . . .     SeeInvis .   d - +0 dagger
rCold    . . .     Faith    .   (no shield)
rNeg     + . .     Spirit   .   c - +0 robe
rPois    ∞         Reflect  .   (no helmet)
rElec    +         Harm     .   (no cloak)
rCorr    .         Rampage  .   f - +0 pair of gloves
Will     .....                  (no boots)
Stlth    ++........             (no amulet)
HPRegen  0.08/turn              (no ring)
MPRegen  0.11/turn              (no ring)

@: no status effects
A: negative energy resistance 1, electricity resistance, unbreathing,
petrification resistance, miasma immunity, AC +3
a: no special abilities


You were on level 2 of the Dungeon.
You visited 1 branch of the dungeon, and saw 2 of its levels.

You collected 99 gold pieces.

Inventory:

Hand Weapons
 d - a +0 dagger (weapon)
Missiles
 b - 16 stones
 e - 11 arrows
Armour
 c - a +0 robe (worn)
 f - a +0 pair of gloves (worn)
Potions
 a - a potion of mutation {unknown}


   Skills:
 - Level 1.5 Dodging
 - Level 2.1 Stealth
 + Level 3.0 Spellcasting
 - Level 0.7 Transmutations
 + Level 5.2 Earth Magic


You had 8 spell levels left.
You knew the following spells:

 Your Spells              Type           Power        Failure   Level
a - Sandblast             Erth           40%          1%          1

Your spell library contained the following spells:

 Spells                   Type           Power        Failure   Level
 Passwall                 Tmut/Erth      10%          8%          2
 Stone Arrow              Conj/Erth      22%          19%         3
 Petrify                  Tmut/Erth      12%          45%         4
 Lee's Rapid Deconstruct  Erth           10%          50%         5


Dungeon Overview and Level Annotations

Branches:
Dungeon (2/15)

Altars:


Innate Abilities, Weirdness & Mutations

You are resistant to torment.
Your stone body is resilient. (AC +3)
You are immune to poison.
You resist negative energy. (rN+)
You are resistant to electric shocks. (rElec)
You can survive without breathing.
You are immune to petrification.
You are immune to miasma.


Message History

Robin is moderately wounded.
The gnoll closely misses you. The gnoll hits you with a +0 whip.
* * * LOW HITPOINT WARNING * * *
The goblin hits you but does no damage.
Robin hits you with a +1 dagger of venom.
* * * LOW HITPOINT WARNING * * *
The hobgoblin hits you but does no damage.
Robin throws the goblin at you!
You closely miss the goblin. The gnoll barely misses you.
The goblin hits you but does no damage. The hobgoblin barely misses you.
Robin hits you but does no damage.
You aren't carrying any scrolls.
Aiming: Sandblast (safe; 1% risk of failure)
Press: ? - help, Q - select action, (/) - cycle Shift-Dir - straight line, f/p - Robin
Aim: Robin, wielding a +1 dagger of venom, wearing a +0 animal skin and wearing a +0 helmet (moderately wounded, 14% to evade)
The blast of sand hits Robin!
You kill Robin!
The gnoll misses you.
The gnoll hits you from afar with a +0 spear.
You die...

...... ..... ..$.
.g. #g# ##########.
#g#####......[...
####gg)†)).######..#
#.g@).######
......##g## #####
#.# #.. ...# #..#
##.. .. ...


You could see 2 gnolls, 3 hobgoblins and 2 goblins.

Vanquished Creatures
  Natasha (D:1)
  Robin (D:2)
  An adder (D:2)
  A ball python (D:1)
  7 bats
  4 giant cockroaches (D:1)
  8 goblins
  6 hobgoblins
  3 frilled lizards (D:1)
  5 kobolds
  4 rats (D:1)
41 creatures vanquished.

Notes
Turn   | Place    | Note
-------+----------+-------------------------------------------
     0 | D:1      | Gnirx the Gargoyle Earth Elementalist began the quest for
                  | the Orb.
     0 | D:1      | Reached XP level 1. HP: 10/10 MP: 3/3
   124 | D:1      | Reached skill level 4 in Earth Magic
   170 | D:1      | Reached XP level 2. HP: 10/15 MP: 3/5
   878 | D:1      | Reached XP level 3. HP: 16/19 MP: 6/6
  1353 | D:2      | Noticed Natasha
  1360 | D:1      | Killed Natasha
  1361 | D:1      | Reached skill level 5 in Earth Magic
  1423 | D:2      | Reached XP level 4. HP: 21/24 MP: 5/8
  1500 | D:2      | Noticed Robin
  1505 | D:2      | HP: 1/24 [Robin/+1 dagger of venom (3)]
  1508 | D:2      | Killed Robin
  1508 | D:2      | Slain by a gnoll

Illustrated notes

Levels and vault maps discovered:
D:1:      dpeg_arrival_refuge, layout_basic, minmay_crystal_room
D:2:      layout_rooms, grunt_gozag_breadcrumbs, uniq_robin, uniq_natasha

Skill      XL: |  1  2  3  4 |
---------------+-------------+-----
Earth Magic    | 4 5 |  5.2
Spellcasting   | 3 |  3.0
Dodging        | |  1.5
Stealth        | |  2.1
Transmutations | |  0.7

Action                   |  1- 3 |  4- 6 || total
-------------------------+-------+-------++-------
Melee: Unarmed           |    14 |       ||    14
       Dagger            |    37 |     5 ||    42
 Cast: Sandblast         |    26 |    10 ||    36
  Use: Scroll            |     1 |     1 ||     2
 Stab: Sleeping          |     1 |     1 ||     2
Armor: Robe              |    31 |     4 ||    35
Dodge: Dodged            |    61 |     9 ||    70
